Map: [TLMC15] Curious Minds

Players

TIME (Oliveira) - Winner!

  • Race: Terran Terran

Elazer

  • Race: Zerg Zerg

Event: DreamHack SC2 Masters Last Chance 2022

VOD

Have the link to the VOD?

Description

Time

  • Played on: Jan. 11, 2022, 10:36 a.m.
  • Length: 13:29

All games in this series

Show
View Real Time Build Order
Export as new Build Order

TIME Terran - Winner!

Build Orders: Liberator Opening, Reaper Expand 

Get SALT Encoding   

  12  0:00  SCV  
  13  0:12  SCV  
  14  0:17  Supply Depot  
  14  0:25  SCV  
  15  0:39  SCV  
  15  0:40  Barracks  
  16  0:43  Refinery  
  16  0:51  SCV  
  17  1:03  SCV  
  18  1:15  SCV  
  19  1:28  Reaper, Orbital Command  
  20  1:39  Command Center  
  20  1:48  Supply Depot  
  20  1:54  SCV  
  20  1:59  Marine  
  22  2:08  SCV  
  22  2:12  Factory  
  22  2:14  Refinery  
  23  2:20  SCV  
  23  2:21  Barracks Reactor  
  24  2:33  SCV  
  25  2:45  SCV  
  26  2:51  Orbital Command  
  26  2:57  SCV  
  27  2:59  Starport  
  27  3:07  Hellion x2  
  27  3:09  Marine  
  27  3:10  SCV  
  33  3:17  SCV  
  34  3:21  Supply Depot  
  34  3:22  SCV  
  35  3:28  Hellion  
  35  3:29  Hellion, Barracks Tech Lab, SCV  
  40  3:34  SCV  
  40  3:35  Liberator  
  45  3:41  SCV  
  45  3:45  Supply Depot  
  45  3:48  Stimpack  
  45  3:50  SCV  
  45  3:53  Hellion, SCV  
  49  3:56  Hellion  
  49  4:02  SCV  
  52  4:07  SCV  
  53  4:11  Command Center  
  53  4:13  Marine  
  54  4:20  Supply Depot  
  54  4:22  SCV  
  54  4:23  SCV  
  56  4:26  Factory Tech Lab  
  56  4:31  Marine  
  57  4:32  Barracks  
  57  4:33  Starport Reactor, Barracks  
  57  4:37  SCV  
  57  4:38  SCV  
  59  4:46  Siege Tank  
  59  4:48  Marine  
  59  4:50  SCV x2  
  65  4:54  Supply Depot  
  65  5:03  SCV x2, Engineering Bay x2  
  65  5:06  Marine  
  68  5:08  Refinery x2  
  68  5:15  SCV x2, Starport Reactor  
  68  5:19  Siege Tank  
  68  5:20  Marine x2  
  75  5:26  Orbital Command  
  75  5:28  SCV x2  
  77  5:29  Marine  
  77  5:32  Terran Infantry Weapons Level 1  
  77  5:34  Terran Infantry Armor Level 1  
  78  5:37  Marine x2  
  78  5:38  Marine  
  78  5:40  SCV  
  78  5:41  SCV  
  83  5:43  Marine  
  83  5:47  Combat Shield, Marine  
  85  5:52  Orbital Command  
  85  5:54  SCV  
  85  5:55  SCV, Marine  
  85  5:56  Marine  
  89  5:57  Supply Depot  
  89  5:59  Medivac x2  
  93  6:08  Supply Depot  
  93  6:19  SCV x3, Marine x3  
  93  6:20  Marine  
  93  6:24  Barracks  
  93  6:25  Barracks  
  100  6:29  Siege Tank, Marine  
  100  6:31  SCV  
  100  6:32  Supply Depot  
  105  6:33  Medivac x2  
  109  6:43  Armory  
  109  6:44  Supply Depot  
  109  6:53  SCV x3, Marine x3  
  115  6:56  Marine  
  115  6:57  Supply Depot  
  115  7:00  Marine  
  117  7:06  SCV  
  114  7:12  Barracks Reactor  
  104  7:18  Siege Tank, Marine x2  
  104  7:19  SCV, Marine  
  105  7:24  Marine x2  
  105  7:27  Medivac x2  
  105  7:28  SCV  
  105  7:30  SCV  
  105  7:31  SCV  
  105  7:36  Barracks Reactor, Marine x3  
  107  7:40  SCV  
  107  7:41  Marine  
  107  7:42  Marine  
  103  7:45  SCV x2  
  103  7:47  Refinery  
  103  7:48  Terran Infantry Weapons Level 2, Supply Depot  
  103  7:49  Marine x2  
  107  7:52  SCV  
  107  7:54  Marine  
  107  7:57  Supply Depot  
  109  7:59  Supply Depot  
  109  8:00  SCV  
  109  8:01  Marine  
  109  8:04  Marine  
  109  8:07  SCV  
  109  8:09  Marine  
  109  8:10  Medivac, Siege Tank, Marine x3  
  117  8:13  Supply Depot  
  117  8:19  SCV x3, Marine x3  
  123  8:20  Supply Depot  
  123  8:23  Terran Infantry Armor Level 2  
  123  8:24  Marine  
  124  8:28  Marine x2  
  124  8:31  SCV x3  
  126  8:38  Marine  
  126  8:39  Marine  
  119  8:41  Marine x2  
  119  8:43  SCV x2, Marine x2  
  119  8:48  Marine  
  122  8:51  Siege Tank  
  122  8:54  Marine x2  
  76  8:55  Medivac  
  128  8:58  Medivac  
  132  9:03  Refinery  
  132  9:04  Marine  
  132  9:09  Supply Depot, Marine x4  
  137  9:10  Marine  
  137  9:11  Supply Depot  
  137  9:13  Marine, Orbital Command  
  139  9:21  Marine x2  
  141  9:31  Medivac, Siege Tank, Marine x3  
  141  9:33  SCV  
  141  9:34  Marine  
  141  9:36  SCV  
  141  9:38  Marine  
  127  9:39  Marine x3  
  127  9:40  Supply Depot, Marine  
  127  9:41  Supply Depot  
  127  9:44  SCV  
  133  9:49  SCV, Marine  
  132  10:04  Supply Depot  
  132  10:09  Supply Depot  
  132  10:22  Supply Depot  
  132  10:24  Supply Depot x2  
  128  10:30  SCV x2, Marine x3  
  128  10:33  Marine  
  133  10:43  SCV, Marine x5  
  133  10:48  Marine x2  
  139  10:55  SCV  
  129  10:58  Marine  
  129  10:59  Marine  
  129  11:01  Marine x5  
  129  11:03  Liberator x2, Siege Tank  
  134  11:06  Marine  
  134  11:08  Marine  
  136  11:18  Marine  
  137  11:20  Marine x2  
  137  11:25  Marine x4  
  139  11:31  Orbital Command  
  139  11:32  Marine x2  
  142  11:36  Marine  
  142  11:38  Marine x2  
  141  11:42  Marine  
  141  11:44  Marine  
  134  11:49  Marine x2  
  134  11:53  SCV  
  124  11:58  Marine x2  
  124  12:01  Marine  
  124  12:02  Siege Tank  
  124  12:03  Medivac, SCV  
  124  12:04  Marine  
  124  12:07  SCV  
  133  12:10  SCV  
  134  12:15  SCV  
  134  12:20  SCV  
  132  12:23  Marine  
  132  12:24  Marine  
  132  12:27  SCV x2, Marine x2  
  134  12:33  Marine x2  
  134  12:34  Medivac  
  131  12:42  Marine x2  
  131  12:43  Marine  
  131  12:44  SCV x3  
  125  12:47  Marine  
  125  12:51  Medivac  
  126  12:53  Marine  
  126  12:56  SCV  
  126  12:57  Marine  
  129  12:59  Marine  
  129  13:01  Marine  
  129  13:03  Marine  
  132  13:06  SCV  
Show
View Real Time Build Order
Export as new Build Order

Elazer Zerg 

Build Orders: Hatch First 

Get SALT Encoding   

  12  0:00  Drone  
  13  0:13  Overlord  
  13  0:17  Drone  
  14  0:31  Drone x2  
  16  0:48  Hatchery  
  15  0:51  Drone  
  15  0:55  Drone  
  17  0:58  Drone  
  18  1:08  Extractor  
  17  1:13  Spawning Pool  
  17  1:16  Drone  
  17  1:20  Drone  
  18  1:29  Drone  
  19  1:41  Drone  
  20  1:50  Drone  
  21  2:00  Queen x2  
  26  2:01  Zergling x4  
  27  2:11  Drone  
  27  2:13  Overlord  
  27  2:14  Metabolic Boost  
  28  2:28  Hatchery  
  27  2:31  Drone  
  27  2:34  Drone  
  27  2:36  Drone  
  30  2:43  Queen  
  32  2:48  Drone  
  32  2:50  Overlord  
  33  2:55  Drone  
  33  2:56  Drone  
  33  2:58  Drone  
  36  3:07  Overlord  
  36  3:09  Drone x3  
  36  3:10  Drone  
  40  3:17  Queen  
  42  3:23  Queen  
  42  3:26  Drone  
  45  3:27  Drone  
  45  3:30  Zergling x4  
  48  3:37  Drone  
  48  3:39  Overlord  
  49  3:41  Zergling x4  
  49  3:43  Queen  
  49  3:47  Drone x2  
  55  3:51  Drone  
  55  3:54  Queen  
  58  3:58  Drone x3  
  58  4:02  Overlord  
  61  4:04  Drone  
  61  4:05  Drone  
  62  4:11  Baneling Nest  
  62  4:13  Drone x3  
  62  4:16  Drone  
  65  4:19  Overlord  
  65  4:21  Drone x2  
  67  4:25  Drone x3  
  67  4:29  Queen  
  72  4:36  Spore Crawler  
  72  4:37  Drone  
  72  4:39  Spore Crawler  
  72  4:40  Spore Crawler  
  72  4:42  Drone x4  
  72  4:44  Overlord  
  74  4:47  Drone  
  74  4:50  Queen  
  77  4:54  Overlord  
  77  4:58  Drone x4  
  80  5:01  Drone  
  81  5:07  Drone x4  
  81  5:12  Overlord  
  85  5:14  Lair  
  85  5:16  Extractor x2  
  85  5:18  Drone x5, Extractor  
  87  5:27  Zergling x2  
  87  5:28  Zergling x6  
  91  5:32  Overlord  
  91  5:35  Hatchery  
  91  5:37  Zergling x8  
  91  5:41  Drone  
  95  5:44  Evolution Chamber x2  
  95  5:46  Zergling x10  
  95  5:47  Baneling x5  
  95  5:49  Zergling x2  
  100  5:50  Zergling x4  
  100  5:53  Zergling x6  
  103  5:57  Queen  
  103  5:59  Queen  
  103  6:01  Overlord  
  107  6:07  Zergling x2  
  107  6:08  Zergling x2  
  107  6:10  Baneling  
  109  6:14  Overlord  
  109  6:16  Zerg Ground Armor Level 1  
  109  6:17  Zerg Melee Weapons Level 1  
  109  6:18  Centrifugal Hooks  
  109  6:20  Zergling x10  
  114  6:26  Overlord  
  114  6:27  Drone x4  
  114  6:30  Drone  
  121  6:32  Drone x2  
  120  6:40  Zergling x2  
  120  6:43  Baneling x9  
  120  6:46  Zergling x6  
  124  6:48  Baneling  
  124  6:49  Baneling x3  
  124  6:51  Zergling x2  
  125  6:59  Zergling x2  
  125  7:00  Zergling x10  
  131  7:01  Queen  
  131  7:02  Queen  
  131  7:04  Hatchery  
  129  7:10  Zergling x8  
  121  7:19  Zergling x10  
  121  7:20  Zergling x2  
  112  7:25  Zergling x20  
  116  7:30  Zergling x2  
  116  7:31  Baneling x7  
  107  7:37  Zergling x6  
  107  7:38  Queen  
  107  7:40  Zergling x2, Queen x2  
  110  7:45  Queen  
  110  7:48  Zergling x12  
  118  7:52  Baneling x7  
  118  7:53  Overseer  
  118  7:56  Zergling x6  
  118  8:08  Zergling x10  
  117  8:13  Zerg Ground Armor Level 2, Queen, Zerg Melee Weapons Level 2  
  117  8:16  Overlord  
  117  8:18  Drone x8  
  127  8:26  Baneling  
  127  8:27  Baneling x6  
  127  8:30  Zergling x14  
  130  8:37  Pneumatized Carapace  
  130  8:39  Burrow  
  112  8:42  Zergling x10  
  112  8:53  Zergling x2  
  112  8:54  Zergling x8  
  112  8:55  Baneling x9  
  117  8:59  Zergling x8  
  121  9:04  Zergling x2  
  122  9:12  Drone x2  
  122  9:13  Zergling x6  
  127  9:19  Baneling x6  
  127  9:20  Queen x2  
  127  9:21  Zergling x14  
  127  9:23  Hatchery  
  135  9:26  Zergling x4  
  136  9:35  Zergling x10  
  136  9:37  Baneling x11  
  135  9:44  Overlord x3  
  135  9:45  Overlord  
  129  10:00  Zergling x16  
  129  10:04  Baneling x10  
  129  10:05  Zergling x8  
  129  10:06  Zergling x2  
  139  10:16  Zergling x12  
  140  10:30  Zergling x12  
  140  10:31  Queen x2  
  147  10:40  Zergling x10  
  142  10:50  Zergling x16  
  132  10:58  Zergling x8  
  132  11:01  Zergling x2, Queen  
  132  11:04  Zergling x12  
  137  11:08  Zergling x8  
  141  11:12  Baneling x9  
  141  11:13  Baneling x3  
  141  11:14  Queen x2  
  145  11:18  Zergling x8  
  145  11:22  Baneling x3  
  145  11:23  Baneling x3  
  148  11:26  Zergling x4  
  149  11:38  Zergling x18  
  136  12:00  Overlord  
  134  12:03  Spawning Pool  
  133  12:16  Hatchery  
  133  12:22  Hatchery  
  100  12:48  Baneling x16  
  98  12:53  Zergling x18  
  111  13:00  Zergling x2  
  111  13:05  Zergling x4  

Tags
 
Add a new tag
Caveats
  • Supply blocks, unpowered buildings, or Contaminate may cause inaccurate times.
  • Supply counts are checked every 10 seconds.